 Dungeon Crawl Stone Soup version 0.30-a0-1114-gd936c97349 (webtiles) character file.

Game seed: 2505456793484822617

2016 hwolsky the Cleaver (level 9, -7/78 HPs)
             Began as a Minotaur Fighter on Apr 20, 2023.
             Mangled by demibob's ghost (16 damage)
             ... on level 6 of the Dungeon.
             The game lasted 00:15:07 (6606 turns).

hwolsky the Cleaver (Minotaur Fighter)              Turns: 6606, Time: 00:15:08

Health: -7/78      AC:  7    Str: 25    XL:     9   Next: 3%
Magic:  8/8        EV:  9    Int:  5    God:
Gold:   416        SH:  5    Dex: 10    Spells: 8/8 levels left

rFire   + . .      SeeInvis .    a - +1 war axe (freeze)
rCold   + . .      Faith    .    c - +0 buckler
rNeg    . . .      Spirit   .    b - +0 scale mail
rPois   .          Reflect  .    (helmet restricted)
rElec   .          Rampage  .    e - scarf {rC+ rF+}
rCorr   .                        (no gloves)
Will    .....                    (no boots) Stlth
                                 (no amulet)
HPRegen 0.33/turn                (no ring)
MPRegen 0.11/turn                (no ring)

@: no status effects
A: horns 2, retaliatory headbutt
a: no special abilities


You were on level 6 of the Dungeon.
You visited 2 branches of the dungeon, and saw 7 of its levels.
You also visited: Sewer.

You collected 416 gold pieces.

Inventory:

Hand Weapons
 a - a +1 war axe of freezing (weapon)
Missiles
 i - 4 silver javelins (quivered)
Armour
 b - a +0 scale mail (worn)
 c - a +0 buckler (worn)
 e - a scarf of resistance (worn)
Jewellery
 k - a ring of wizardry
 n - a ring of protection from cold
 r - a ring of see invisible
Scrolls
 f - 2 scrolls of magic mapping
 j - 5 scrolls of teleportation
 s - a scroll of enchant weapon
Potions
 d - a potion of flight
 h - 7 potions of brilliance
 l - a potion of haste {unknown}
 m - a potion of degeneration {unknown}
 o - a potion of resistance {unknown}
 q - 3 potions of mutation {unknown}
 t - 2 potions of lignification {unknown}


   Skills:
 + Level 6.4 Fighting
 * Level 13.1 Axes
 + Level 6.4 Armour
 + Level 6.4 Shields


You had 8 spell levels left.
You didn't know any spells.
Your spell library contained the following spells:

 Spells                   Type           Power      Damage    Failure   Level
 Cause Fear               Hex            0%         N/A       100%        4
 Dragon Form              Tmut           0%         N/A       100%        7
 Dragon's Call            Summ           0%         N/A       100%        9


Dungeon Overview and Level Annotations

Branches:
Dungeon (6/15)             Temple (1/1) D:4           Sewer (visited)

Altars:
Ashenzari
Elyvilon
Fedhas
Gozag
Hepliaklqana
Kikubaaqudgha
Makhleb
Nemelex Xobeh
Qazlal
Ru
Sif Muna
Trog
Vehumet
Wu Jian
Xom
Yredelemnul
Zin

Annotations:
D:6 demibob's ghost, novice DsWn


Innate Abilities, Weirdness & Mutations

You have a pair of horns on your head.
You reflexively headbutt those who attack you in melee.


Message History

You furiously retaliate!
You headbutt the bullfrog, but do no damage.
You hit the bullfrog. You freeze the bullfrog.
The bullfrog is almost dead.
You slash the bullfrog!
The bullfrog seems to slow down.
You freeze the bullfrog.
You kill the bullfrog!
The bullfrog barely misses you. You furiously retaliate!
You headbutt the bullfrog!
You kill the bullfrog!
You have reached level 9!
Your experience leads to an increase in your attributes!
Increase (S)trength, (I)ntelligence, or (D)exterity?
You feel stronger. x2
You see here a bullfrog corpse.
You barely miss demibob's ghost. Your headbutt misses demibob's ghost.
You block demibob's ghost's attack.
You barely miss demibob's ghost. You headbutt demibob's ghost.
Demibob's ghost is lightly damaged.
Demibob's ghost hits you but does no damage.
You closely miss demibob's ghost.
Demibob's ghost is lightly damaged.
Demibob's ghost barely misses you. You furiously retaliate!
You headbutt demibob's ghost! You closely miss demibob's ghost.
Your headbutt misses demibob's ghost.
Demibob's ghost is moderately damaged.
Demibob's ghost hits you!
* * * LOW HITPOINT WARNING * * *
As you read the scroll of fog, it crumbles to dust.
The scroll dissolves into smoke.
Demibob's ghost closely misses you. You furiously retaliate!
You headbutt demibob's ghost! You closely miss demibob's ghost.
You headbutt demibob's ghost!
Demibob's ghost is almost destroyed.
Demibob's ghost hits you!
* * * LOW HITPOINT WARNING * * *
You hit demibob's ghost but do no damage.
You headbutt demibob's ghost.
Demibob's ghost is almost destroyed.
Demibob's ghost hits you!
You die...

##.## ##....##
### #...##
##.### #.#.#
##..## ##.>.#
##§§########
...##§§§#§§~~~~~
.....§§@WB~~~)~~
.....§#§#§§~~~~~
......##########
...... ......
..... ....


You could see demibob's ghost and a giant cockroach.

Vanquished Creatures
  A water moccasin (D:5)
  An ice beast (D:6)
  2 black bears
  An ogre (D:6)
  A centaur (D:6)
  9 kobold brigands
  Blork the orc (D:6)
  2 bullfrogs (D:6)
  A scorpion (D:6)
  A howler monkey (D:6)
  A gnoll bouda (D:6)
  A jelly (D:5)
  A hound (D:6)
  3 iguanas
  A sleepcap (D:5)
  An orc wizard (D:3)
  Robin (D:2)
  3 gnolls (D:6)
  8 adders
  2 river rats
  A shadow imp (D:6)
  A white imp (D:5)
  2 ufetubi (D:5)
  6 worms
  4 dart slugs
  18 orcs
  10 endoplasms
  A giant cockroach (D:3)
  13 goblins
  12 hobgoblins
  2 jackals (D:1)
  14 kobolds
  8 quokkas
  12 ball pythons
  8 bats
  3 frilled lizards
  4 rats
161 creatures vanquished.

Vanquished Creatures (others)
  6 plants (D:5)
6 creatures vanquished.

Grand Total: 167 creatures vanquished

Notes
Turn   | Place    | Note
-------+----------+-------------------------------------------
     0 | D:1      | hwolsky the Minotaur Fighter began the quest for the Orb.
     0 | D:1      | Reached XP level 1. HP: 19/19 MP: 0/0
   128 | D:1      | Reached XP level 2. HP: 23/27 MP: 1/1
   687 | D:1      | Reached skill level 11 in Axes
   687 | D:1      | Reached XP level 3. HP: 33/33 MP: 2/2
   935 | D:2      | Noticed Robin
   939 | D:2      | Reached XP level 4. HP: 37/40 MP: 3/3
   945 | D:2      | Killed Robin
  1651 | D:3      | Reached XP level 5. HP: 20/46 MP: 4/4
  2675 | D:3      | Found a radiant altar of Vehumet.
  2709 | D:3      | Found a blossoming altar of Fedhas.
  3133 | D:4      | Found an ancient bone altar of Kikubaaqudgha.
  3185 | D:4      | Found a glowing drain.
  3206 | D:4      | Reached XP level 6. HP: 50/50 MP: 5/5
  3229 | Sewer    | Entered a sewer
  3601 | Sewer    | Reached XP level 7. HP: 52/60 MP: 6/6
  3641 | Sewer    | Reached skill level 5 in Fighting
  3641 | Sewer    | Reached skill level 5 in Shields
  3700 | Sewer    | Reached skill level 5 in Armour
  3814 | Sewer    | Reached skill level 12 in Axes
  4210 | D:4      | Found a staircase to the Ecumenical Temple.
  4233 | Temple   | Entered the Ecumenical Temple
  4994 | D:5      | Entered Level 5 of the Dungeon
  5028 | D:5      | Reached XP level 8. HP: 45/69 MP: 7/7
  5945 | D:6      | Noticed Blork the orc
  5952 | D:6      | HP: 1/70 [Blork the orc/+0 hand axe (4)]
  5954 | D:6      | Killed Blork the orc
  6439 | D:6      | Reached skill level 13 in Axes
  6586 | D:6      | Found a runed translucent door.
  6587 | D:6      | Noticed demibob's ghost (novice DsWn)
  6598 | D:6      | Reached XP level 9. HP: 36/78 MP: 8/8
  6606 | D:6      | Mangled by demibob's ghost

Illustrated notes

Levels and vault maps discovered:
D:1:      lemuel_arrival_lava_pool, layout_basic,
          hangedman_abyss_or_decor_stabs, amcnicky_mini_rare_corridor_liquid
D:2:      layout_basic, patterned_corridor, uniq_robin
D:3:      cheibrodos_thug_alley, layout_basic, mainiacjoe_overflow_two_lobes,
          serial_co_window_serial, co_window_paths_a, co_window_corner_a,
          co_window_cross_1, co_window_paths_b, co_window_paths_a,
          co_window_of_opportunity_c, co_window_of_opportunity_b,
          co_window_broadway_a, co_window_2corner, co_window_corner_b,
          co_window_corner_b, co_window_corner_cb, co_window_paths_d,
          co_window_sun, glass_columns_a, glass_columns_c, glass_columns_c,
          st_stairs_2
D:4:      layout_gridville, kennysheep_little_box,
          minmay_temple_entry_large_hall, cheibrodos_sewer_entry_sluice,
          serial_rivers, chequers_serial_rivers_micro_a,
          chequers_serial_rivers_small_3, chequers_serial_rivers_micro_b,
          chequers_serial_rivers_small_b, chequers_serial_rivers_small_a,
          skrybe_limestone_x
D:5:      layout_rooms, hangedman_decor_diamond_cutter, serial_bayou_crossing
D:6:      layout_cave_pods, ebering_ghost_sewer_f, uniq_blork_the_orc
Temple:   eino_narrow_crystal_temple

Skill      XL: |  1  2  3  4  5  6  7  8 |
---------------+-------------------------+-----
Fighting       | 4 5 6 |  6.4
Shields        | 4 5 6 |  6.4
Armour         | 4 5 6 |  6.4
Axes           | 11 12 13 | 13.1

Action                     |  1- 3 |  4- 6 |  7- 9 || total
---------------------------+-------+-------+-------++-------
  Melee: War axe           |    41 |   133 |   153 ||   327
         Headbutt          |     5 |    12 |    21 ||    38
  Throw: Javelin           |       |    19 |       ||    19
    Use: Scroll            |     5 |     8 |     5 ||    18
         Potion            |     1 |     2 |     5 ||     8
 Armour: Scale mail        |    20 |    55 |    57 ||   132
  Dodge: Dodged            |    17 |    61 |    64 ||   142
  Block: Buckler           |    11 |    24 |    42 ||    77

Table legend: (Time is in decaauts)
 A = Elapsed time spent in this place.
 B = Non-inter-level travel time spent in this place.
 C = Inter-level travel time spent in this place.
 D = Time resting spent in this place.
 E = Time spent auto-exploring this place.
 F = Levels seen in this place.
 G = Mean time per level.
                   A        B        C        D        E       F      G
               +--------+--------+--------+--------+--------+-----+--------+
         Total |   6820 |   6577 |    243 |    377 |   4383 |   8 |  852.5 |
       Dungeon |   5606 |   5371 |    235 |    292 |   3568 |   6 |  934.3 |
        Temple |    158 |    150 |      8 |      0 |    144 |   1 |  158.0 |
         Sewer |   1055 |   1055 |      0 |     85 |    670 |   1 | 1055.0 |
               +--------+--------+--------+--------+--------+-----+--------+

Top non-repeatable levels by time:
     D:3: 1452 daAuts
   Sewer: 1055 daAuts
     D:1: 920 daAuts
     D:6: 907 daAuts
     D:4: 905 daAuts
     D:2: 721 daAuts
     D:5: 699 daAuts
  Temple: 158 daAuts
